AoeStats
← Roy Mustang

Arena

504264104Analyzed
4v4 RM · 29d ago on Sep 4, 2026· 36m 31s· 8 players
Game mode
Random Map
Map size
Large (8 player)
Population
200
Speed
Normal
Resources
Standard
Victory
Conquest
Starting age
Dark Age
Ending age
Imperial Age
RankedLock teamsTeams togetherTeam positionsShared explorationLock speedFull tech treeHidden civsTurbo modeCheats
Victory
Defeat
🇲🇽 Franks · Mexico
1168
+13
🇹🇼 Wu · Taiwan
1067
+17
🇲🇽 Italians · Mexico
1064
+17
🇹🇼 Khmer · Taiwan
1043
+19
🇲🇽 Poles · Mexico
1097
-17
🇨🇳 Georgians · China
1097
-17
🇨🇳 Bohemians · China
1089
-16
🇨🇳 Franks · China
1084
-16
Cuauhpilli
11:23 Feudal Age
15:35 Castle Age
13:38 Double-Bit Axe
16:13 Horse Collar
16:48 Bow Saw
17:52 Loom
21:44 Town Watch
28:13 Imperial Age
25:31 Horse Collar
26:19 Szlachta Privileges
26:08 Gold Mining
27:19 Wheelbarrow
27:04 Heavy Plow
27:21 Husbandry
27:32 Bloodlines
28:16 Scale Barding Armor
28:22 Forging
28:31 Heavy Plow
28:38 Cavalier
30:15 Chain Barding Armor
30:30 Iron Casting
30:15 Hand Cart
30:36 Crop Rotation
32:55 Blast Furnace
32:36 Conscription
van_2020
10:58 Feudal Age
11:35 Loom
14:15 Double-Bit Axe
19:40 Castle Age
19:41 Wheelbarrow
21:02 Bow Saw
21:53 Hand Cart
22:45 Gold Mining
25:26 Gold Shaft Mining
26:31 Stone Mining
31:33 Imperial Age
33:46 Chemistry
33:46 Husbandry
33:07 Cavalier
34:37 Scale Barding Armor
34:44 Forging
35:09 Conscription
caolw9
10:48 Feudal Age
11:35 Loom
14:55 Castle Age
13:14 Double-Bit Axe
14:02 Horse Collar
15:56 Bow Saw
16:16 Scale Barding Armor
18:32 Bloodlines
19:47 Gold Mining
25:19 Wheelbarrow
24:29 Town Watch
25:10 Heavy Plow
25:03 Stone Mining
27:00 Hand Cart
26:46 Town Patrol
27:24 Forging
29:28 Husbandry
30:13 Chain Barding Armor
31:49 Stone Shaft Mining
32:38 Fletching
32:48 Padded Archer Armor
33:27 Bodkin Arrow
36:10 Imperial Age
34:14 Ballistics
34:47 Leather Archer Armor
34:30 Elite Skirmisher
丧心病狂
11:29 Feudal Age
16:49 Castle Age
15:38 Double-Bit Axe
15:36 Horse Collar
17:34 Wheelbarrow
17:58 Bow Saw
20:43 Heavy Plow
23:10 Fletching
29:59 Imperial Age
28:15 Forging
28:05 Scale Mail Armor
28:01 Bodkin Arrow
28:06 Padded Archer Armor
29:43 Chemistry
28:17 Pikeman
28:58 Squires
28:43 Arson
29:52 Chain Mail Armor
30:04 Ballistics
30:38 Iron Casting
30:29 Wagenburg Tactics
30:39 Squires
32:23 Plate Mail Armor
31:54 Bracer
31:54 Padded Archer Armor
34:13 Hand Cart
33:43 Loom
34:33 Conscription
33:38 Halberdier
MENTOR VI
0:28 Loom
13:55 Feudal Age
14:28 Town Watch
15:19 Wheelbarrow
14:26 Horse Collar
14:34 Double-Bit Axe
20:41 Gold Mining
21:26 Stone Mining
24:34 Castle Age
27:48 Hand Cart
27:53 Bow Saw
27:47 Heavy Plow
34:52 Imperial Age
32:47 Fortified Wall
32:48 Masonry
33:50 Forging
33:43 Scale Mail Armor
34:30 Squires
33:54 Pikeman
35:00 Ballistics
35:17 Iron Casting
34:59 Chain Mail Armor
Roy Mustang
10:35 Feudal Age
14:39 Castle Age
12:28 Double-Bit Axe
15:40 Bow Saw
20:33 Wheelbarrow
22:29 Loom
23:49 Hand Cart
23:36 Stone Mining
24:04 Scale Mail Armor
25:02 Squires
24:47 Arson
25:59 Chain Mail Armor
26:32 Forging
29:52 Imperial Age
28:30 Gold Mining
29:32 Iron Casting
28:53 Pikeman
30:21 Gold Shaft Mining
30:06 Fortified Wall
30:12 Halberdier
32:04 Plate Mail Armor
33:24 Blast Furnace
33:22 Conscription
33:25 Elite Throwing Axeman
yam70018
12:13 Feudal Age
16:18 Castle Age
16:26 Stone Mining
16:23 Double-Bit Axe
16:19 Horse Collar
16:38 Gold Mining
17:37 Bow Saw
18:35 Loom
18:36 Town Watch
21:36 Heavy Plow
23:12 Fletching
23:29 Padded Archer Armor
25:00 Red Cliffs Tactics
26:24 Wheelbarrow
27:08 Gold Shaft Mining
27:23 Town Patrol
27:48 Bodkin Arrow
29:10 Leather Archer Armor
29:00 Scale Mail Armor
29:27 Ballistics
28:50 Treadmill Crane
31:10 Forging
31:31 Masonry
31:17 Murder Holes
31:55 Hand Cart
33:36 Squires
34:24 Arson
35:29 Chain Mail Armor
35:49 Iron Casting
37:10 Iron Casting
hello are you ok
0:56 Loom
10:39 Feudal Age
14:42 Castle Age
13:19 Double-Bit Axe
13:19 Horse Collar
15:53 Bow Saw
15:46 Heavy Plow
21:09 Town Watch
21:32 Stone Mining
21:37 Gold Mining
23:19 Gold Shaft Mining
24:14 Stone Mining
28:57 Imperial Age
27:19 Wheelbarrow
27:19 Scale Barding Armor
28:05 Forging
27:59 Husbandry
28:11 Bloodlines
28:58 Stone Shaft Mining
29:27 Chain Barding Armor
29:43 Iron Casting
29:33 Hand Cart
29:22 Town Patrol
29:37 Tusk Swords
30:00 Conscription
29:52 Elite Battle Elephant
31:21 Plate Barding Armor
31:35 Crop Rotation
33:37 Fortified Wall
Connection lost

Rejoining the realm…

Still unreachable

The connection could not be restored.

Session expired

The server has moved on; the page needs a fresh start.